 Dungeon Sprint DCSS version 0.21.1-72-gffa868e0fe (webtiles) character file.

614 Pisosu the Protected (level 7, -5/73 HPs)
             Began as a Minotaur Fighter on Aug 3, 2018.
             Was an Initiate of Trog.
             Slain by a centaur warrior (6 damage)
             ... in the Dungeon (Sprint I: "Red Sonja").
             The game lasted 00:01:54 (301 turns).

Pisosu the Protected (Minotaur Fighter)              Turns: 301, Time: 00:01:54

Health: -5/73      AC: 13    Str: 23    XL:     7   Next: 20%
Magic:  6/6        EV:  7    Int:  5    God:    Trog [......]
Gold:   351        SH: 12    Dex:  9    Spells: 6/6 levels left

rFire    . . .     SeeInvis .   a - +0 war axe
rCold    + . .     Gourm    .   c - +0 shield
rNeg     . . .     Faith    .   n - +2 chain mail {rC+}
rPois    .         Spirit   .   (helmet restricted)
rElec    .         Reflect  .   (no cloak)
rCorr    .         Harm     .   (no gloves)
MR       .....     NoTele   +   (no boots)
Stlth    ..........             (no amulet)
HPRegen  0.22/turn              (no ring)
MPRegen  0.10/turn              (no ring)

@: no status effects
A: retaliatory headbutt, horns 2
a: Burn Spellbooks, Renounce Religion


You were in the Dungeon.
You worshipped Trog.
Trog was noncommittal.
You were not hungry.

You visited 1 branch You collected 351 gold pieces.

Inventory:

Hand Weapons
 a - a +0 war axe (weapon)
Armour
 b - a +0 scale mail
 c - a +0 shield (worn)
 n - a +2 chain mail of cold resistance (worn)
Wands
 l - a wand of digging (17)
Scrolls
 k - a scroll of blinking
Potions
 d - a potion of might
 e - a potion of curing
 g - a potion of heal wounds
 h - a potion of haste
 i - 2 potions of magic
 j - a potion of berserk rage
 m - 2 potions of lignification {unknown}
Comestibles
 f - a ration


   Skills:
 + Level 10.3 Fighting
 + Level 8.1 Axes
 + Level 10.6 Armour
 + Level 0.1 Stealth
 + Level 10.3 Shields


You had 6 spell levels left.
You didn't know any spells.

Dungeon Overview and Level Annotations

Branches:
Dungeon (1/1)

Altars:
Cheibriados
Dithmenos
Elyvilon
Fedhas
Gozag
Hepliaklqana
Kikubaaqudgha
Makhleb
Nemelex Xobeh
Okawaru
Qazlal
Ru
Sif Muna
Trog
Uskayaw
Vehumet
Wu Jian
Xom
Yredelemnul
Zin
The Shining One
Jiyva
Lugonu

Shops:
D *


Innate Abilities, Weirdness & Mutations

You reflexively headbutt those who attack you in melee.
You have a pair of horns on your head.


Message History

You see here an arrow.
Unknown command.
The centaur warrior shoots an arrow.
The arrow hits you but does no damage.
There is an open door here.
The centaur warrior shoots an arrow.
You block the arrow.
The centaur warrior shoots an arrow.
You block the arrow.
You see here an arrow.
You close the door.
A centaur warrior opens the door.
You close the door.
A centaur warrior opens the door.
You slice the centaur warrior!!
The centaur warrior is moderately wounded.
The centaur warrior shoots an arrow.
You block the arrow.
The centaur warrior unwields an uncursed shortbow.
The centaur warrior completely misses you.
You slash the centaur warrior!
The centaur warrior is severely wounded.
The centaur warrior shoots an arrow.
The arrow hits you!
* * * LOW HITPOINT WARNING * * *
The centaur warrior hits you.
You die...

###################
#<.#..').#..'..#__#
#..'†.#..)..#..'..+
#..#####'#####'#__####
#..####..#...#(####§§#
#..#__####..##c#§§§§§#
#..#_____##'#_@'c§§§.+
#⌠⌠#_.∩...'..._#§§§§§#
#..._..__##_.#+##+####
#..#_____###+#
##########


You could see 2 centaur warriors.

Vanquished Creatures
  A slime creature (D)
  Sigmund (D)
  A yak (D)
  An ogre (D)
  A jelly (D)
  Ijyb (D)
6 creatures vanquished.

Notes
Turn   | Place    | Note
-------+----------+-------------------------------------------
     0 | D        | Pisosu the Minotaur Fighter began the quest for the Orb.
     0 | D        | Reached XP level 1. HP: 19/19 MP: 0/0
     2 | D        | Noticed Ijyb
    10 | D        | Killed Ijyb
    10 | D        | Reached skill level 5 in Fighting
    10 | D        | Reached skill level 5 in Armour
    10 | D        | Reached skill level 5 in Shields
    10 | D        | Reached XP level 2. HP: 28/29 MP: 1/1
    26 | D        | Noticed an ogre
    33 | D        | Killed an ogre
    33 | D        | Reached XP level 3. HP: 34/39 MP: 2/2
    33 | D        | Reached XP level 4. HP: 42/47 MP: 3/3
    48 | D        | Noticed Sigmund
    66 | D        | Killed Sigmund
    66 | D        | Reached skill level 5 in Axes
    66 | D        | Reached XP level 5. HP: 32/56 MP: 4/4
   210 | D        | Found a burning altar of Makhleb.
   210 | D        | Found a viscous altar of Jiyva.
   210 | D        | Found a shimmering altar of Xom.
   210 | D        | Found a corrupted altar of Lugonu.
   210 | D        | Noticed a slime creature
   216 | D        | Killed a slime creature
   216 | D        | Reached skill level 10 in Armour
   216 | D        | Reached XP level 6. HP: 57/66 MP: 5/5
   218 | D        | Found an ornate altar of the Wu Jian Council.
   218 | D        | Found a deep blue altar of Sif Muna.
   220 | D        | Found a radiant altar of Vehumet.
   227 | D        | Noticed a centaur warrior
   248 | D        | Found Sazicuck's General Store.
   248 | D        | Found an ancient bone altar of Kikubaaqudgha.
   248 | D        | Found a hazy altar of Hepliaklqana.
   248 | D        | Found a stormy altar of Qazlal.
   248 | D        | Found a hide-covered altar of Uskayaw.
   248 | D        | Found a blossoming altar of Fedhas.
   248 | D        | Found a bloodstained altar of Trog.
   248 | D        | Found an iron altar of Okawaru.
   248 | D        | Found a basalt altar of Yredelemnul.
   248 | D        | Found a glowing golden altar of the Shining One.
   248 | D        | Found a snail-covered altar of Cheibriados.
   248 | D        | Found a sacrificial altar of Ru.
   248 | D        | Found a glowing silver altar of Zin.
   248 | D        | Found a shadowy altar of Dithmenos.
   248 | D        | Found a white marble altar of Elyvilon.
   248 | D        | Noticed a yak
   252 | D        | Killed a yak
   252 | D        | Reached skill level 10 in Fighting
   252 | D        | Reached skill level 10 in Shields
   252 | D        | Reached XP level 7. HP: 72/73 MP: 6/6
   253 | D        | Found an opulent altar of Gozag.
   254 | D        | Found a sparkling altar of Nemelex Xobeh.
   260 | D        | Became a worshipper of Trog the Wrathful
   292 | D        | Noticed a centaur warrior
   301 | D        | HP: 1/73 [centaur warrior/arrow (12)]
   301 | D        | Slain by a centaur warrior

Skill      XL: |  1  2  3  4  5  6 |
---------------+-------------------+-----
Fighting       | 5 7 8 9 10 | 10.3
Axes           | 3 4 5 7 8 |  8.1
Armour         | 5 7 8 10 | 10.6
Shields        | 5 6 8 9 10 | 10.3
Stealth        | |  0.1

Action                   |  1- 3 |  4- 6 |  7- 9 || total
-------------------------+-------+-------+-------++-------
Melee: War axe           |    13 |    19 |     2 ||    34
       Headbutt          |     4 |     4 |       ||     8
Evoke: Wand              |       |       |     1 ||     1
Armor: Scale mail        |     5 |       |       ||     5
       Chain mail        |       |     6 |     1 ||     7
Dodge: Dodged            |     4 |     3 |     2 ||     9
Block: Shield            |     4 |     6 |     3 ||    13
